 Dungeon Crawl Stone Soup version 0.30-b1-2-g02819fbbbe (webtiles) character file.

Game seed: 2885053440109085354

110 erloom the Insei (level 4, -2/35 HPs)
             Began as a Draconian Transmuter on May 15, 2023.
             Slain by a gnoll
             ... wielding a +0 spear
              (4 damage)
             ... on level 4 of the Dungeon.
             The game lasted 00:05:50 (2359 turns).

erloom the Insei (Draconian Transmuter)             Turns: 2359, Time: 00:05:51

Health: -2/35      AC:  5    Str: 18    XL:     4   Next: 61%
Magic:  7/7        EV: 12    Int: 15    God:
Gold:   107        SH:  0    Dex: 18    Spells: 6/7 levels left

rFire   . .          .
                       - Unarmed
rCold   . . .        (no shield)
rNeg    . . .        (body armour unavailable)
rPois   .            (helmet restricted)
rElec   .            (no cloak)
rCorr   .            (no gloves)
SInv    .            (no boots)
Will    .....        (no amulet)
Stlth   ++           c - +6 ring of strength
HPRegen 0.25/turn    d - +6 ring of dexterity
MPRegen 0.10/turn

%: no passive effects
@: no status effects
A: AC +5, unfitting armour, cold-blooded
a: no special abilities


You were on level 4 of the Dungeon.
You visited 1 branch of the dungeon, and saw 4 of its levels.

You collected 107 gold pieces.

Inventory:

Missiles
 f - 2 boomerangs
Jewellery
 c - a +6 ring of strength (left hand)
 d - a +6 ring of dexterity (right hand)
Scrolls
 e - 2 scrolls of magic mapping {unknown}
 h - a scroll of blinking {unknown}
 j - 2 scrolls of identify {unknown}
 p - 2 scrolls of fear {unknown}
 q - a scroll of amnesia {unknown}
 r - a scroll of noise {unknown}
 s - a scroll of enchant armour {unknown}
Potions
 a - 2 potions of lignification
 b - a potion of resistance {unknown}
 g - a potion of brilliance {unknown}
 i - a potion of heal wounds {unknown}
 k - a potion of attraction {unknown}
 l - 2 potions of curing {unknown}
 m - a potion of haste {unknown}
 n - a potion of mutation {unknown}
 o - a potion of cancellation {unknown}


   Skills:
 - Level 1.1 Fighting
 - Level 1.7 Dodging
 + Level 4.7 Unarmed Combat
 - Level 2.3 Spellcasting
 - Level 3.0 Transmutations


You had 6 spell levels left.
You knew the following spells:

 Your Spells              Type           Power      Damage    Failure   Level
a - Beastly Appendage     Tmut           20%        N/A       6%          1

Your spell library contained the following spells:

 Spells                   Type           Power      Damage    Failure   Level
 Wereblood                Tmut           10%        N/A       10%         2
 Freeze                   Ice            4%         1d3       22%         1
 Spider Form              Tmut/Pois      6%         N/A       34%         3
 Frozen Ramparts          Ice            2%         1d1       54%         3
 Hailstorm                Conj/Ice       1%         3d3       54%         3
 Ice Form                 Ice/Tmut       6%         N/A       75%         4
 Blade Hands              Tmut           5%         N/A       86%         5
 Iron Shot                Conj/Erth      0%         9d1       100%        6
 Animate Armour           Summ/Erth      Unusable   N/A       N/A         4

Dungeon Overview and Level Annotations

Branches:
Dungeon (4/15)
 Temple: D:4-7

Altars:
Elyvilon
Kikubaaqudgha

Shops:
D:3 *


Innate Abilities, Weirdness & Mutations

Your plain brown scales are hard. (AC +5)
You cannot fit into any form of body armour.
You are cold-blooded and may be slowed by cold attacks.


Message History

The hound pauses to sniff the ground.
The hound bites you.
You punch the hound!
You kill the hound!
You see here a hound corpse.
You see here a stone.
HP restored.
There is a stone staircase leading down here.
You climb downwards.
Found 8 stones.
There is a stone staircase leading up here.
There is a stone staircase leading up here.
Found a leather armour.
s - a scroll labelled QALOJI WARPHIME 2 gnolls come into view.
The gnoll shouts!
You hear a shout!
A gnoll comes into view. It is wielding a +0 whip.
The gnoll moves out of view.
The gnoll throws a throwing net.
The throwing net hits you.
You become entangled in the net!
You see here a throwing net.
You struggle against the net.
You tear a large gash into the net.
You struggle against the net.
The gnoll barely misses you.
You rip the net and break free!
The gnoll hits you from afar with a +0 halberd!
The gnoll throws a throwing net.
The throwing net hits you.
You become entangled in the net!
A gnoll comes into view. It is wielding a +0 spear.
You struggle against the net.
The gnoll hits you from afar with a +0 spear!
The gnoll hits you from afar with a +0 halberd!
* * * LOW HITPOINT WARNING * * *
You tear a large gash into the net.
The gnoll hits you from afar with a +0 spear.
* * * LOW HITPOINT WARNING * * *
The gnoll barely misses you.
You shred the net and break free!
The gnoll hits you from afar with a +0 spear.
You die...

..+............###..........
####8............##....##......
..J..................#.........
.#..##...#.........#.#.........
#.W..##....<.........####.....
#...#.#.............# ...
#...W.....!.......### ..
#<......###........##
.......#..##....@.....#
##.........###..........
........#.## #.gg........
##......#.# #..........#.
.......##.............##
####..###.#.#..g..[##...
###...g...###. ##......#
###....#


You could see 4 gnolls.

Vanquished Creatures
  A hound (D:3)
  2 adders
  2 worms
  4 dart slugs
  6 ball pythons
  3 endoplasms
  3 giant cockroaches
  5 goblins
  5 hobgoblins
  2 quokkas (D:1)
  2 bats (D:2)
  3 frilled lizards
  9 kobolds
  3 rats
50 creatures vanquished.

Notes
Turn   | Place    | Note
-------+----------+-------------------------------------------
     0 | D:1      | erloom the Draconian Transmuter began the quest for the
                  | Orb.
     0 | D:1      | Reached XP level 1. HP: 16/16 MP: 3/3
   281 | D:1      | Reached XP level 2. HP: 23/23 MP: 5/5
   913 | D:2      | Reached XP level 3. HP: 28/28 MP: 6/6
   968 | D:2      | Found a white marble altar of Elyvilon.
  1421 | D:3      | Reached skill level 4 in Unarmed Combat
  1579 | D:3      | Reached XP level 4. HP: 35/35 MP: 7/7
  1607 | D:3      | Found a faded altar of an unknown god.
  1622 | D:3      | Found Ogopij Rus's Assorted Antiques.
  1684 | D:3      | Found an ancient bone altar of Kikubaaqudgha.
  2268 | D:4      | Noticed a phantom
  2359 | D:4      | Slain by a gnoll

Illustrated notes

Levels and vault maps discovered:
D:1:      co_arrival_random_square_maze, layout_basic, corexii_leaking_fountain
D:2:      layout_rooms, basic_altar
D:3:      layout_basic, marbit_many_paths, serial_shops,
          nicolae_shop_behind_doors, basic_ecumenical_altar,
          kennysheep_flooded_box
D:4:      layout_cave_pools, okawaru_metal_pillars_1_2, general_overflow_altar,
          jmf_multi_god_temple2, corexii_item_surrounded_by_moat,
          grunt_ministairs_11

Skill      XL: |  1  2  3 |
---------------+----------+-----
Transmutations | 3 |  3.0
Unarmed Combat | 4 |  4.7
Fighting       | |  1.1
Dodging        | |  1.7
Spellcasting   | |  2.3

Action                     |  1- 3 |  4- 6 || total
---------------------------+-------+-------++-------
  Melee: Unarmed           |   118 |    18 ||   136
         Tailslap          |    15 |       ||    15
         Punch             |     1 |     2 ||     3
   Stab: Sleeping          |     7 |       ||     7
 Armour: Skin              |    22 |     8 ||    30
  Dodge: Dodged            |    57 |    13 ||    70
